[Event "Titled Tuesday Blitz November 08 Late 2022"]
[White "Yanayt, Eugene"]
[Black "Phillips, Rene"]
[WhiteFideId "2020165"]
[BlackFideId "2056275"]
[WhiteElo "2046"]
[BlackElo "2000"]
[Result "1-0"]
[Round "03"]
[TimeControl "180+1"]
[Date "2022.11.09"]
[WhiteClock "0:01:53"]
[BlackClock "0:01:18"]

1. e4 Nc6 2. Nc3 Nf6 3. d4 d5 4. e5 Nd7 5. Nxd5 Ndb8 6. c4 e6 7. Ne3 Qxd4 8. Qxd4 Nxd4 9. Bd3 Nbc6 10. f4 Bb4+ 11. Bd2 Bd7 12. O-O-O O-O-O 13. Nh3 h6 14. Nf2 Bxd2+ 15. Rxd2 Nb4 16. Bb1 Bc6 17. Rhd1 Nf5 18. Nxf5 exf5 19. Bxf5+ 1-0


[Site "https://www.chess.com"]

[Event "Titled Tuesday Blitz November 08 Late 2022"]
[White "Yano, William Jorge Froes"]
[Black "Harish, Neeraj"]
[WhiteFideId "2112949"]
[BlackFideId "30958130"]
[WhiteElo "2122"]
[BlackElo "1815"]
[Result "1-0"]
[Round "03"]
[TimeControl "180+1"]
[Date "2022.11.09"]
[WhiteClock "0:02:11"]
[BlackClock "0:01:34"]

1. e4 c5 2. Nf3 d6 3. Bb5+ Nd7 4. Ba4 g6 5. O-O Nf6 6. Re1 Bg7 7. c4 O-O 8. Nc3 a6 9. d4 cxd4 10. Nxd4 Nc5 11. Bc2 a5 12. Rb1 Nfd7 13. b3 b6 14. Nc6 Qe8 15. Nd5 e6 16. Nc7 1-0


[Site "https://www.chess.com"]

[Event "Titled Tuesday Blitz November 08 Late 2022"]
[White "Zakhartsov, Vladimir"]
[Black "Pinheiro, Iung Alicio de O."]
[WhiteFideId "4145097"]
[BlackFideId "2104350"]
[WhiteElo "2525"]
[BlackElo "2283"]
[Result "1-0"]
[Round "03"]
[TimeControl "180+1"]
[Date "2022.11.08"]
[WhiteClock "0:01:53"]
[BlackClock "0:01:09"]

1. d4 Nf6 2. c4 g6 3. Nc3 d5 4. cxd5 Nxd5 5. e4 Nxc3 6. bxc3 c5 7. Be3 Bg7 8. Nf3 O-O 9. Be2 b6 10. Rc1 Bb7 11. d5 Na6 12. c4 e5 13. O-O Nc7 14. a4 a5 15. Rb1 Ne8 16. Qb3 Ra6 17. Bxc5 Nd6 18. Bxd6 Qxd6 19. c5 Qxc5 20. Bxa6 Bxa6 21. Rfc1 1-0


[Site "https://www.chess.com"]

[Event "Titled Tuesday Blitz November 08 Late 2022"]
[White "Zhigalko, Sergei"]
[Black "Coleman, Maxx"]
[WhiteFideId "13502956"]
[BlackFideId "2027119"]
[WhiteElo "2867"]
[BlackElo "2582"]
[Result "1-0"]
[Round "03"]
[TimeControl "180+1"]
[Date "2022.11.09"]
[WhiteClock "0:00:20"]
[BlackClock "0:00:48"]

1. e4 c5 2. Nf3 e6 3. c3 Ne7 4. d4 d5 5. e5 Nbc6 6. Bd3 f5 7. h4 Qb6 8. dxc5 Qxc5 9. Na3 Ng6 10. Qe2 a6 11. h5 Nge7 12. Nc2 Qa5 13. O-O b5 14. Ncd4 Bd7 15. Re1 Nxd4 16. Nxd4 Nc6 17. Nf3 Be7 18. b4 Qc7 19. a4 bxa4 20. Bxa6 O-O 21. h6 g6 22. Bb5 Na7 23. Bxa4 Bxa4 24. Rxa4 Qxc3 25. Bg5 Bxb4 26. Rc1 Qb3 27. Ra6 Rf7 28. Nd4 1-0


[Site "https://www.chess.com"]

[Event "Titled Tuesday Blitz November 08 Late 2022"]
[White "czernikowskqa"]
[Black "Shapiro, Daniel"]
[BlackFideId "2001780"]
[WhiteElo "1956"]
[BlackElo "2290"]
[Result "0-1"]
[Round "03"]
[TimeControl "180+1"]
[Date "2022.11.09"]
[WhiteClock "0:00:18"]
[BlackClock "0:00:07"]

1. d4 Nf6 2. c4 e6 3. Nf3 d5 4. Nc3 Bb4 5. Bg5 Nbd7 6. e3 c6 7. cxd5 exd5 8. Bd3 Bd6 9. O-O O-O 10. h3 h6 11. Bh4 Re8 12. Qc2 g5 13. Bxg5 hxg5 14. Nxg5 Kg7 15. Rae1 Rh8 16. e4 dxe4 17. Ncxe4 Nxe4 18. Nxe4 Bc7 19. f4 Nf6 20. Qc3 Nd5 21. Qd2 Qh4 22. f5 Bf4 23. f6+ Kg8 24. Qe2 Be3+ 25. Nf2 Bxh3 26. Be4 Qg3 27. Qf3 Bxf2+ 28. Rxf2 Qxf3 29. Bxf3 Be6 30. Rfe2 Rd8 31. Bxd5 Rxd5 32. Re3 Rh6 33. Rg3+ Kf8 34. Re4 Rxf6 35. Kh2 Ke7 36. Ra3 a6 37. Rb3 Rb5 38. Rxb5 axb5 39. a3 Kd6 40. Kg1 Kd5 41. Rh4 Rg6 42. Rh8 Kxd4 43. Rb8 Bd5 44. Rxb7 Rxg2+ 45. Kf1 Rxb2 46. Rd7 Ra2 47. Ra7 b4 48. Ra4 c5 49. axb4 Rxa4 50. bxc5 Kxc5 51. Ke1 Ra2 52. Kd1 Kd4 53. Kc1 f5 54. Kb1 f4 55. Kc1 f3 56. Kd1 f2 57. Kc1 f1=Q# 0-1


[Site "https://www.chess.com"]

[Event "Titled Tuesday Blitz November 08 Late 2022"]
[White "Adel, Sara"]
[Black "Mesa Cruz, Juan Carlos"]
[WhiteFideId "10616764"]
[BlackFideId "6423400"]
[WhiteElo "1994"]
[BlackElo "2059"]
[Result "0-1"]
[Round "04"]
[TimeControl "180+1"]
[Date "2022.11.09"]
[WhiteClock "0:00:25"]
[BlackClock "0:00:34"]

1. e4 c5 2. Nc3 Nc6 3. f4 e6 4. Bc4 a6 5. a4 g6 6. Nf3 Bg7 7. O-O Nge7 8. Qe1 d5 9. exd5 Nb4 10. dxe6 fxe6 11. Bxe6 Nxc2 12. Qe4 Nxa1 13. Nd5 Bxe6 14. Nxe7 Qxe7 15. Re1 O-O-O 16. Ng5 Bd4+ 17. Kh1 Rhe8 18. Nxe6 Qxe6 19. Qxe6+ Rxe6 20. Rxe6 Nb3 21. Re1 Bf2 22. Rf1 Re8 23. f5 gxf5 24. d3 Nxc1 25. Rxc1 Re1+ 26. Rxe1 Bxe1 27. b3 Kd7 28. g3 Ke6 29. Kg2 Kd5 30. Kf3 Kd4 31. Kf4 Kxd3 32. Kxf5 Kc2 33. g4 Kxb3 34. g5 c4 35. h4 c3 36. h5 c2 37. g6 hxg6+ 38. hxg6 Bc3 39. g7 Bxg7 0-1


[Site "https://www.chess.com"]

[Event "Titled Tuesday Blitz November 08 Late 2022"]
[White "Adewumi, Tanitoluwa"]
[Black "Baskakov, Egor"]
[WhiteFideId "30966396"]
[BlackFideId "24197866"]
[WhiteElo "2551"]
[BlackElo "2211"]
[Result "0-1"]
[Round "04"]
[TimeControl "180+1"]
[Date "2022.11.09"]
[WhiteClock "0:00:01"]
[BlackClock "0:01:42"]

1. e4 c5 2. Nf3 Nf6 3. d4 Nxe4 4. Bd3 d5 5. c4 cxd4 6. cxd5 Qxd5 7. Nxd4 Nc5 8. O-O Nxd3 9. Qxd3 Nc6 10. Be3 e5 11. Nc3 Qd8 12. Qe4 Nxd4 13. Rad1 Qe7 14. Nd5 Bf5 15. Rxd4 Bxe4 16. Rxe4 Qd6 17. Rd1 Rd8 18. f4 0-1


[Site "https://www.chess.com"]

[Event "Titled Tuesday Blitz November 08 Late 2022"]
[White "Aghasiyev, Kamal"]
[Black "Adury, Anant"]
[WhiteFideId "13402854"]
[BlackFideId "30964687"]
[WhiteElo "2341"]
[BlackElo "2203"]
[Result "1-0"]
[Round "04"]
[TimeControl "180+1"]
[Date "2022.11.09"]
[WhiteClock "0:02:32"]
[BlackClock "0:02:07"]

1. d4 Nf6 2. Nf3 e6 3. g3 b6 4. Bg2 Bb7 5. O-O Be7 6. b3 O-O 7. Bb2 d6 8. c4 Nbd7 9. Nc3 Ne4 10. Qc2 Nxc3 11. Bxc3 f5 12. Ng5 Bxg5 13. Bxb7 Rb8 14. Bg2 Bf6 15. e4 g6 16. Rad1 Qe7 17. Rfe1 Bg7 18. exf5 gxf5 19. Rxe6 Qf7 20. Rde1 Kh8 21. Re7 Rbe8 22. Rxf7 Rxe1+ 1-0


[Site "https://www.chess.com"]

[Event "Titled Tuesday Blitz November 08 Late 2022"]
[White "Al-Tarboush, Ward"]
[Black "Bach, Matthias"]
[WhiteFideId "7601450"]
[BlackFideId "4603168"]
[WhiteElo "2273"]
[BlackElo "2165"]
[Result "1-0"]
[Round "04"]
[TimeControl "180+1"]
[Date "2022.11.09"]
[WhiteClock "0:01:04"]
[BlackClock "0:00:49"]

1. e4 e5 2. Nf3 Nc6 3. Bb5 Bc5 4. O-O d6 5. c3 a6 6. Bxc6+ bxc6 7. d4 exd4 8. cxd4 Bb6 9. Nc3 Bg4 10. Be3 Ne7 11. h3 Bh5 12. d5 Bxe3 13. fxe3 O-O 14. Qe1 Bxf3 15. Rxf3 Ng6 16. Qg3 Rb8 17. b3 Rb4 18. dxc6 Qe8 19. Rc1 Qxc6 20. Qe1 Qd7 21. Qe2 Ne5 22. Rg3 c6 23. Qc2 a5 24. Ne2 Qa7 25. Nd4 c5 26. Nf5 Ng6 27. Nxd6 Rd8 28. Nf5 Qb7 29. Qc3 f6 30. Qxc5 Qxe4 31. Qc7 1-0


[Site "https://www.chess.com"]

[Event "Titled Tuesday Blitz November 08 Late 2022"]
[White "Alexikov, Alexander"]
[Black "Barria Zuniga, Daniel"]
[WhiteFideId "14103958"]
[BlackFideId "3400816"]
[WhiteElo "2222"]
[BlackElo "2414"]
[Result "1-0"]
[Round "04"]
[TimeControl "180+1"]
[Date "2022.11.09"]
[WhiteClock "0:00:26"]
[BlackClock "0:00:05"]

1. e4 c5 2. Nf3 e6 3. Nc3 a6 4. d4 cxd4 5. Nxd4 Qc7 6. Bd3 g6 7. O-O Bg7 8. Be3 Nf6 9. f4 O-O 10. Kh1 b5 11. e5 Ne8 12. Be4 Bb7 13. Qf3 d5 14. Bd3 Nd7 15. h4 Nb6 16. Rad1 Nc4 17. Bc1 Qe7 18. Qh3 Nc7 19. Nce2 f6 20. exf6 Bxf6 21. h5 Rf7 22. c3 Rg7 23. Ng1 Rf8 24. Ngf3 Bc8 25. Qh2 Nd6 26. Nc6 Qe8 27. Nce5 gxh5 28. Ng5 Nf5 29. Bxf5 exf5 30. Rfe1 Bxe5 31. Rxe5 Qg6 32. Rde1 d4 33. cxd4 Bb7 34. d5 Bxd5 35. Be3 h6 36. Nf3 Bxf3 37. gxf3 Re8 38. Bd4 Rxe5 39. Bxe5 Re7 40. Rg1 1-0


[Site "https://www.chess.com"]

[Event "Titled Tuesday Blitz November 08 Late 2022"]
[White "Ambartsumova, Karina"]
[Black "Pniaczek, Marek"]
[WhiteFideId "4166299"]
[BlackFideId "21800421"]
[WhiteElo "2319"]
[BlackElo "2138"]
[Result "1-0"]
[Round "04"]
[TimeControl "180+1"]
[Date "2022.11.09"]
[WhiteClock "0:00:14"]
[BlackClock "0:00:03"]

1. c4 e6 2. Nf3 Nf6 3. e3 d5 4. Nc3 dxc4 5. Bxc4 a6 6. a4 c5 7. O-O Nc6 8. d4 cxd4 9. exd4 Be7 10. h3 O-O 11. Be3 Bd7 12. Qe2 Rc8 13. Rfd1 Na5 14. Bd3 Nc6 15. Rac1 Nb4 16. Bb1 Nfd5 17. Ne5 Be8 18. Qf3 Nxc3 19. bxc3 Nd5 20. c4 Nxe3 21. fxe3 Bxa4 22. Rf1 Bf6 23. Ng4 Be7 24. Qxb7 Rb8 25. Qxa6 Ra8 26. Qb7 Rb8 27. Qe4 g6 28. Ne5 Rb2 29. Qf3 f6 30. Nd3 Rd2 31. Rf2 Rxf2 32. Nxf2 Qa5 33. Qe4 Bd7 34. c5 Qd2 35. Rf1 Rb8 36. c6 Bc8 37. c7 Rb2 38. Qc6 Kg7 39. Qe8 Bd6 40. Qxc8 Qxe3 41. Qd7+ Kh6 42. Qxd6 Rxf2 43. Rxf2 Qe1+ 44. Rf1 Qe3+ 45. Kh1 Qe2 46. Rg1 1-0


[Site "https://www.chess.com"]

[Event "Titled Tuesday Blitz November 08 Late 2022"]
[White "Ansh M Shah"]
[Black "Bibilashvili, Lali"]
[WhiteFideId "25033379"]
[BlackFideId "13604236"]
[WhiteElo "2084"]
[BlackElo "1819"]
[Result "1-0"]
[Round "04"]
[TimeControl "180+1"]
[Date "2022.11.09"]
[WhiteClock "0:00:43"]
[BlackClock "0:00:10"]

1. d4 Nf6 2. c4 g6 3. h4 h5 4. Nc3 Bg7 5. e4 d6 6. Be2 O-O 7. Nf3 Nbd7 8. Ng5 e5 9. d5 a5 10. Be3 Nc5 11. f3 Bd7 12. Qd2 a4 13. O-O-O Qb8 14. Kb1 Ne8 15. Rdg1 c6 16. g4 b5 17. dxc6 Bxc6 18. cxb5 Bd7 19. gxh5 gxh5 20. Nd5 Be6 21. Ne7+ Kh8 22. Nxe6 Nxe6 23. Nf5 Nd4 24. Bh6 Nxf5 25. exf5 Kh7 26. Bxg7 Nxg7 27. f6 Nf5 28. Bd3 e4 29. Bxe4 Qxb5 30. Rg7+ Kh8 31. Rhg1 Rab8 32. Qh6+ Nxh6 33. Rh7# 1-0


[Site "https://www.chess.com"]

[Event "Titled Tuesday Blitz November 08 Late 2022"]
[White "Aqib Javaid Butt"]
[Black "Sanchez, Robert"]
[WhiteFideId "7801262"]
[BlackFideId "2034360"]
[WhiteElo "1659"]
[BlackElo "2340"]
[Result "1-0"]
[Round "04"]
[TimeControl "180+1"]
[Date "2022.11.09"]
[WhiteClock "0:00:09"]
[BlackClock "0:01:33"]

1. d4 Nf6 2. Nf3 e6 3. c4 Bb4+ 4. Bd2 a5 5. a3 Bxd2+ 6. Qxd2 d6 7. Nc3 O-O 8. e4 Nbd7 9. Bd3 e5 10. O-O exd4 11. Nxd4 Nc5 12. Rae1 Re8 13. Bc2 c6 14. Nf5 Bxf5 15. exf5 Rxe1 16. Rxe1 Qc7 17. g4 h6 18. Qf4 Rd8 19. h4 Qb6 20. g5 hxg5 21. hxg5 Nh7 22. g6 Nf6 23. Re7 fxg6 24. Qg5 Rd7 25. Rxd7 Ncxd7 26. b3 Ne5 27. Kf1 Qd4 28. Qe3 Qxe3 29. fxe3 g5 30. Ne4 Nxe4 31. Bxe4 a4 32. bxa4 Nxc4 33. Kf2 Nxa3 34. a5 d5 35. Bd3 Nc4 1-0


[Site "https://www.chess.com"]

[Event "Titled Tuesday Blitz November 08 Late 2022"]
[White "Ardila, Oscar Humberto"]
[Black "Arencibia Monduy, Antonio"]
[WhiteFideId "4404742"]
[BlackFideId "3507939"]
[WhiteElo "1959"]
[BlackElo "2471"]
[Result "1-0"]
[Round "04"]
[TimeControl "180+1"]
[Date "2022.11.09"]
[WhiteClock "0:00:06"]
[BlackClock "0:00:01"]

1. d4 Nf6 2. c4 e6 3. Nc3 Bb4 4. Bd2 O-O 5. Nf3 d5 6. e3 c5 7. Be2 cxd4 8. Nxd4 Nc6 9. Nxc6 bxc6 10. cxd5 cxd5 11. O-O Rb8 12. a3 Bd6 13. Nb5 Bc5 14. b4 Bb6 15. Rc1 e5 16. a4 a6 17. Na3 Bb7 18. Qb3 Ne4 19. Be1 Qe7 20. Bf3 Nf6 21. a5 Ba7 22. b5 Bc5 23. Nc2 axb5 24. Bb4 Rfc8 25. Rfd1 Bxb4 26. Nxb4 Rc4 27. Nxd5 Bxd5 28. Bxd5 Rxc1 29. Rxc1 Nxd5 30. Qxd5 b4 31. Rb1 Qc7 32. h3 h6 33. a6 Rb6 34. Ra1 Qa7 35. Qxe5 b3 36. Qe8+ Kh7 37. Qe4+ g6 38. Rb1 b2 39. Qd4 Qxa6 40. Kh2 Qb7 41. f4 Rb4 42. Qf6 Rb6 43. Qd4 h5 44. g4 Rb4 45. Qf6 hxg4 46. hxg4 Qd5 47. Kg3 Qb5 48. Rh1+ 1-0


[Site "https://www.chess.com"]

[Event "Titled Tuesday Blitz November 08 Late 2022"]
[White "Bazeev, German"]
[Black "Banzea, Alexandru-Bogdan"]
[WhiteFideId "24119350"]
[BlackFideId "1232622"]
[WhiteElo "2493"]
[BlackElo "2294"]
[Result "1-0"]
[Round "04"]
[TimeControl "180+1"]
[Date "2022.11.09"]
[WhiteClock "0:00:40"]
[BlackClock "0:00:02"]

1. d4 d5 2. Nf3 Nf6 3. c4 c6 4. Qc2 dxc4 5. e4 b5 6. b3 cxb3 7. axb3 e6 8. Bd2 Be7 9. Ba5 Qd7 10. Bd3 h6 11. Nbd2 O-O 12. b4 Qb7 13. Nb3 Na6 14. Qc3 c5 15. Nxc5 Nxc5 16. dxc5 Nxe4 17. Qc2 Nf6 18. O-O Qd5 19. Rad1 Qh5 20. c6 Nd5 21. Be4 Bxb4 22. Rxd5 exd5 23. Bh7+ Kh8 24. Bxb4 Re8 25. Bd3 Bg4 26. Nd4 a5 27. Bd6 b4 28. h3 Be6 29. c7 Qh4 30. Qc5 b3 31. Bg3 Qg5 32. Nxb3 a4 33. Nd4 a3 34. Ra1 a2 35. Nxe6 fxe6 36. Qc6 Qf6 37. Rxa2 Rac8 38. Ba6 Ra8 39. Bb7 Rxa2 40. Qxe8+ Kh7 41. c8=Q 1-0


[Site "https://www.chess.com"]

[Event "Titled Tuesday Blitz November 08 Late 2022"]
[White "Becerra, Juan David"]
[Black "Fajdetic, Hrvoje"]
[WhiteFideId "4404998"]
[BlackFideId "14501945"]
[WhiteElo "2281"]
[BlackElo "2172"]
[Result "1-0"]
[Round "04"]
[TimeControl "180+1"]
[Date "2022.11.09"]
[WhiteClock "0:01:39"]
[BlackClock "0:01:35"]

1. e4 e6 2. d4 d5 3. Nc3 dxe4 4. Nxe4 Nd7 5. Nf3 Ngf6 6. Nxf6+ Nxf6 7. Bd3 c5 8. Bg5 cxd4 9. Qd2 Qb6 10. O-O-O Bb4 11. Qf4 Bc3 12. bxc3 dxc3 13. Qa4+ Bd7 14. Qb3 Qa5 15. Bxf6 gxf6 16. Nd4 O-O 17. Bb5 Bxb5 18. Nxb5 Rfc8 19. Rd3 Rc5 20. Nxc3 Rac8 21. Kb2 b5 22. a3 Qb6 23. Rc1 a5 24. Na4 Qc7 25. Nxc5 Qxc5 26. Rc3 1-0


[Site "https://www.chess.com"]

[Event "Titled Tuesday Blitz November 08 Late 2022"]
[White "Bernat, David"]
[Black "Crevatin, Leo"]
[WhiteFideId "2099225"]
[BlackFideId "1726307"]
[WhiteElo "2339"]
[BlackElo "2208"]
[Result "0-1"]
[Round "04"]
[TimeControl "180+1"]
[Date "2022.11.09"]
[WhiteClock "0:00:07"]
[BlackClock "0:01:37"]

1. c4 c5 2. Nc3 Nf6 3. g3 d5 4. cxd5 Nxd5 5. Bg2 Nc7 6. Qa4+ Bd7 7. Qb3 Nc6 8. Nf3 e5 9. d3 Be7 10. O-O O-O 11. Be3 b6 12. a4 Rb8 13. Nb5 Ne6 14. Rfc1 a6 15. Nc3 Ned4 16. Bxd4 exd4 17. Nd5 Bd6 18. Nd2 Re8 19. Nc4 Be6 20. Ncxb6 Bxd5 21. Bxd5 Rxb6 22. Bxf7+ Kh8 23. Qd5 Re5 24. Qg2 Ne7 25. f4 Re3 26. Rab1 Qd7 27. b4 cxb4 28. a5 Rb8 29. Rc4 h6 30. Rxd4 Nf5 31. Rxd6 Qxd6 0-1


[Site "https://www.chess.com"]

[Event "Titled Tuesday Blitz November 08 Late 2022"]
[White "Besedes, Danilo"]
[Black "Poltorak, Sebastian"]
[WhiteFideId "946796"]
[BlackFideId "1199498"]
[WhiteElo "2352"]
[BlackElo "2196"]
[Result "1-0"]
[Round "04"]
[TimeControl "180+1"]
[Date "2022.11.09"]
[WhiteClock "0:00:32"]
[BlackClock "0:00:04"]

1. Nf3 c5 2. d3 Nc6 3. e4 e5 4. Nc3 Nge7 5. g3 d5 6. Bg2 d4 7. Ne2 f6 8. O-O Be6 9. Nh4 Qd7 10. f4 O-O-O 11. Bd2 Bh3 12. a3 Bxg2 13. Kxg2 Ng6 14. Nf3 exf4 15. Nxf4 Nxf4+ 16. Bxf4 Bd6 17. Bxd6 Qxd6 18. Nd2 Ne5 19. Qe2 h5 20. h3 Rde8 21. Rf5 h4 22. g4 Kb8 23. Raf1 Rc8 24. b3 b5 25. g5 c4 26. bxc4 bxc4 27. gxf6 gxf6 28. Rxf6 Rhg8+ 29. Kh1 Qd7 30. R6f5 cxd3 31. cxd3 Rc2 32. Qd1 Qg7 33. Rf8+ Rxf8 34. Rxf8+ Qxf8 35. Qxc2 Qf4 36. Qb3+ Kc7 37. Qd5 Qxd2 38. Qxe5+ Kc8 39. Qc5+ Kb7 40. Qb4+ Qxb4 41. axb4 Kb6 42. Kg2 Kb5 43. e5 Kc6 44. Kf3 Kd5 45. Kf4 1-0


[Site "https://www.chess.com"]

[Event "Titled Tuesday Blitz November 08 Late 2022"]
[White "Bluebaum, Matthias"]
[Black "Preotu, Razvan"]
[WhiteFideId "24651516"]
[BlackFideId "2613280"]
[WhiteElo "2633"]
[BlackElo "2407"]
[Result "1/2-1/2"]
[Round "04"]
[TimeControl "180+1"]
[Date "2022.11.08"]
[WhiteClock "0:00:28"]
[BlackClock "0:00:11"]

1. d4 Nf6 2. c4 g6 3. Nc3 d5 4. cxd5 Nxd5 5. e4 Nxc3 6. bxc3 Bg7 7. Nf3 c5 8. Bb5+ Nc6 9. O-O O-O 10. Bxc6 bxc6 11. Qc2 cxd4 12. cxd4 Bg4 13. Ne5 Qxd4 14. Bb2 Qb6 15. Rab1 Bxe5 16. Bxe5 Qa5 17. Bc3 Qc5 18. Qb2 a5 19. Bd4 Qd6 20. Qc3 Be2 21. Rfe1 Bb5 22. a4 Bxa4 23. Bh8 f6 24. e5 Qd8 25. exf6 exf6 26. Rb7 Rf7 27. Rxf7 Kxf7 28. h4 Qxh8 29. Qc4+ Kf8 30. Qc5+ Kg8 31. Qc4+ Kf8 32. Qxa4 Re8 33. Rxe8+ Kxe8 34. Qxc6+ Kf7 35. Qd7+ Kf8 36. g3 Qg7 37. Qd8+ Kf7 38. Qxa5 Qf8 39. Qd5+ Kg7 40. Kg2 f5 41. Kf3 Qb4 42. Qe5+ Kf7 43. Qc7+ Kf6 44. Kg2 Qe4+ 45. Kh2 Qf3 46. Qd6+ Kf7 47. Qd4 h6 48. Kg1 h5 49. Kf1 Qc6 50. Ke2 Qc2+ 51. Kf3 Qc1 52. Qe3 Qc4 53. Qe5 Qg4+ 54. Ke3 Qc4 55. Qd4 Qc1+ 56. Kf3 Qc7 57. Qd5+ Kf6 58. Qd4+ Qe5 59. Qxe5+ Kxe5 60. Ke3 Ke6 61. Kf4 Kf6 62. f3 Kf7 63. Kg5 Kg7 64. f4 Kf7 65. Kh6 Kf6 66. Kh7 Kf7 67. Kh6 Kf6 68. Kh7 Kf7 69. Kh6 1/2-1/2


[Site "https://www.chess.com"]

[Event "Titled Tuesday Blitz November 08 Late 2022"]
[White "Bortnyk, Mykola"]
[Black "Gareyev, Timur"]
[WhiteFideId "14120836"]
[BlackFideId "14200937"]
[WhiteElo "2582"]
[BlackElo "2552"]
[Result "1/2-1/2"]
[Round "04"]
[TimeControl "180+1"]
[Date "2022.11.08"]
[WhiteClock "0:00:08"]
[BlackClock "0:00:06"]

1. e4 e5 2. Nf3 Nc6 3. Bc4 Nf6 4. Qe2 Bc5 5. c3 O-O 6. d3 d5 7. exd5 Nxd5 8. O-O Bg4 9. h3 Bh5 10. g4 Bg6 11. Nxe5 Nxe5 12. Qxe5 c6 13. d4 Bd6 14. Qg5 Be7 15. Qd2 f5 16. f3 fxg4 17. hxg4 Qc7 18. Qf2 b5 19. Bb3 Kh8 20. a4 b4 21. cxb4 Nxb4 22. Nc3 Nd3 23. Qg2 Bf6 24. Be3 Rab8 25. Bc2 Rxb2 26. Nd1 Ne1 27. Rxe1 Rxc2 28. Re2 Rxe2 29. Qxe2 c5 30. Rc1 Qg3+ 31. Qg2 Qe1+ 32. Qf1 Qxf1+ 33. Kxf1 cxd4 34. Bd2 h5 35. Nf2 Bh4 36. Kg2 Bxf2 37. Kxf2 hxg4 38. f4 Be4 39. Rc4 Rd8 40. Kg3 Bf3 41. Rc7 Re8 42. Rxa7 Re2 43. Bb4 d3 44. Rd7 Rg2+ 45. Kh4 Be4 46. Rd4 Re2 47. Kxg4 Kg8 48. Rd7 Rg2+ 49. Kh3 Bf5+ 50. Kxg2 Bxd7 51. a5 Bb5 52. Kf3 Ba6 53. Ke4 Kf7 54. Kd5 Kf6 55. Kc6 Kf5 56. Bd2 Ke4 57. Kb6 Bc4 58. a6 Bd5 59. Kc5 g6 60. a7 Ba8 61. Kc4 Bb7 62. Bc1 Ba8 63. Kc3 Bd5 64. Kb4 Kd4 65. Bd2 Bc6 66. Bc1 Bb7 67. Bd2 Ba8 68. Bc1 Ke4 69. Kc4 Bd5+ 70. Kc5 Ba8 71. Kc4 Bb7 72. Kc3 Bc6 73. Kc4 Ba8 74. Kc3 Bb7 75. Kc4 Bc6 76. Kc5 Ba8 77. Kc4 1/2-1/2


[Site "https://www.chess.com"]

[Event "Titled Tuesday Blitz November 08 Late 2022"]
[White "Boruchovsky, Avital"]
[Black "Swiercz, Dariusz"]
[WhiteFideId "2800055"]
[BlackFideId "1126881"]
[WhiteElo "2458"]
[BlackElo "2627"]
[Result "1-0"]
[Round "04"]
[TimeControl "180+1"]
[Date "2022.11.08"]
[WhiteClock "0:00:09"]
[BlackClock "0:00:07"]

1. e4 c6 2. c4 d5 3. cxd5 cxd5 4. exd5 Nf6 5. Nc3 Nxd5 6. Nf3 Nc6 7. Bb5 g6 8. Qa4 Nb6 9. Bxc6+ bxc6 10. Qxc6+ Bd7 11. Qe4 Bg7 12. d4 O-O 13. O-O Rc8 14. h3 Bc6 15. Qe2 Bxf3 16. Qxf3 Qxd4 17. Be3 Qb4 18. Bxb6 Qxb6 19. Nd5 Qd6 20. Rad1 Kh8 21. Rfe1 e6 22. Ne3 Qc6 23. Qxc6 Rxc6 24. Re2 Bh6 25. b3 Bxe3 26. Rxe3 Rc7 27. g4 h6 28. Kg2 Kg7 29. Rd6 Rfc8 30. Rf3 Rb7 31. Ra6 Rc2 32. Rd3 Rbc7 33. Ra5 Rb2 34. Rf3 g5 35. a3 Kg6 36. b4 h5 37. Re3 h4 38. Ree5 Rcc2 39. Rxg5+ Kf6 40. Kf3 Rxf2+ 41. Ke4 Rbd2 42. Rh5 Rfe2+ 43. Kf3 Rf2+ 44. Ke3 Rfe2+ 45. Kf3 Re1 46. Rxh4 Rd3+ 47. Kf2 Rb1 48. Rh6+ Kg7 49. Rhh5 Rb2+ 50. Ke1 Rg3 51. Kf1 Rf3+ 52. Ke1 Re3+ 53. Kf1 Rf3+ 54. Ke1 Rg3 55. Kf1 Ra2 56. Rxa7 Rb3 57. Re5 Rxh3 58. Re2 Rh1+ 59. Kg2 Raa1 60. Rf2 Rag1+ 61. Kf3 Kg6 62. Ke3 f6 63. Ra6 Rh8 64. Kd2 e5 65. Raxf6+ Kg5 66. R6f5+ Kxg4 67. Rxe5 Rc8 68. Re4+ Kg3 69. Rf7 Ra1 70. Re6 Ra2+ 71. Kd3 Rxa3+ 72. Kd4 Rd8+ 73. Kc4 Rc8+ 74. Kb5 Rb8+ 75. Kc5 Rc3+ 76. Kd4 Rf3 77. Rg6+ Kf2 78. Rxf3+ Kxf3 79. Kc5 Ke4 80. b5 Kf5 81. Rd6 Ke5 82. Rd2 Ke6 83. Kc6 Rc8+ 84. Kb7 Rc1 85. b6 Ke7 86. Kb8 Ra1 87. b7 Ke6 88. Rd4 Ke7 89. Rb4 Rc1 90. Ka7 Ra1+ 91. Kb6 Kd7 92. b8=Q Ke6 93. Qe8+ Kf6 94. Qh8+ Kg5 95. Qxa1 Kg6 96. Qc3 Kg5 97. Rd4 Kg6 98. Qc5 Kf6 99. Rd6+ Ke7 100. Qc7+ Ke8 101. Rd8# 1-0


[Site "https://www.chess.com"]

[Event "Titled Tuesday Blitz November 08 Late 2022"]
[White "Burke, Paul"]
[Black "Thiel, Thomas"]
[WhiteFideId "2605767"]
[BlackFideId "4615964"]
[WhiteElo "1812"]
[BlackElo "2209"]
[Result "0-1"]
[Round "04"]
[TimeControl "180+1"]
[Date "2022.11.09"]
[WhiteClock "0:00:05"]
[BlackClock "0:00:16"]

1. e4 d5 2. exd5 Nf6 3. d4 Nxd5 4. c4 Nb6 5. Nc3 e5 6. d5 Bb4 7. Bd2 Bf5 8. Nf3 O-O 9. Be2 Re8 10. O-O c6 11. a3 Bf8 12. Bg5 f6 13. Be3 cxd5 14. cxd5 N8d7 15. Nh4 Bg6 16. Nxg6 hxg6 17. d6 Re6 18. Qb3 Kf7 19. Nb5 Rc8 20. Nc7 Rxc7 21. dxc7 Qxc7 22. Rac1 Qb8 23. a4 Qd6 24. Rfd1 Qb4 25. Qxb4 Bxb4 26. Rc7 Re7 27. Rxb7 Nc5 28. Rxe7+ Kxe7 29. Bxc5+ Bxc5 30. a5 Na4 31. b3 Nc3 32. Rd2 Bb4 33. Rc2 Bxa5 34. Bc4 Bb4 35. Kf1 a5 36. g3 Kd6 37. Kg2 Kc5 38. Bf7 g5 39. h4 gxh4 40. gxh4 Kd4 41. Bg6 e4 42. h5 Kd3 43. Rb2 Ba3 44. Bxe4+ Kxe4 45. Rc2 Kd3 46. Rxc3+ Kxc3 0-1


[Site "https://www.chess.com"]

[Event "Titled Tuesday Blitz November 08 Late 2022"]
[White "Cabarkapa, Novak"]
[Black "Pap, Gyula"]
[WhiteFideId "943746"]
[BlackFideId "725323"]
[WhiteElo "2390"]
[BlackElo "2519"]
[Result "0-1"]
[Round "04"]
[TimeControl "180+1"]
[Date "2022.11.08"]
[WhiteClock "0:00:09"]
[BlackClock "0:00:08"]

1. e4 e6 2. d3 c5 3. g3 Nc6 4. Bg2 g6 5. f4 Bg7 6. Nf3 Nge7 7. O-O O-O 8. c3 d6 9. Na3 Rb8 10. d4 cxd4 11. cxd4 b5 12. Be3 b4 13. Nc2 b3 14. axb3 Rxb3 15. Qc1 Bb7 16. Ra3 Rxa3 17. Nxa3 Nb4 18. Qb1 Qa8 19. Nd2 Nec6 20. Nb5 Ba6 21. Nc7 Qb7 22. Nxa6 Qxa6 23. Re1 Bxd4 24. Bxd4 Nxd4 25. e5 dxe5 26. fxe5 Rd8 27. Ne4 Nd3 28. Nf6+ Kg7 29. Rf1 Nxe5 30. Qe4 Qe2 31. Qf4 Nf5 32. Nh5+ Kh8 33. Nf6 Qe3+ 34. Qxe3 Nxe3 35. Ra1 Rd1+ 36. Rxd1 Nxd1 37. b4 Nd3 38. b5 Nc3 39. Bc6 Ne5 40. Ne8 a6 41. Nd6 axb5 42. Bxb5 Nxb5 43. Nxb5 Kg7 44. Nd4 g5 45. Kg2 h5 46. h3 Kg6 47. Nb5 Nd7 48. Nd4 Nf6 49. Nf3 Nd5 50. Ne5+ Kf6 51. Nd7+ Kf5 52. Kf3 g4+ 53. hxg4+ hxg4+ 54. Kf2 Nf6 55. Nb6 Ne4+ 56. Kg2 e5 57. Nc4 Ke6 58. Ne3 f5 59. Nf1 Nf6 60. Ne3 Nd5 61. Nc4 f4 62. Kf2 Nf6 63. Nd2 Kf5 64. Kg2 Ne4 65. Nc4 Nxg3 66. Nd6+ Ke6 67. Nc4 Nf5 68. Nd2 Nd6 69. Nc4 Nxc4 70. Kh2 Ne3 71. Kh1 Kf5 72. Kh2 Ke4 73. Kg1 Kf3 74. Kh2 Kf2 75. Kh1 e4 76. Kh2 g3+ 77. Kh3 g2 78. Kh4 g1=Q 79. Kh5 Qg4+ 80. Kh6 Nf5+ 81. Kh7 Qg7# 0-1


[Site "https://www.chess.com"]